 Dungeon Crawl Stone Soup version 0.27.0-1-g7a089689b8 (webtiles) character file.

Game seed: 11589901011299743945

723 hilljack the Poker (level 7, -2/60 HPs)
             Began as a Minotaur Gladiator on Aug 12, 2021.
             Was a Follower of Dithmenos.
             Slain by a kobold (4 damage)
             ... on level 4 of the Dungeon.
             The game lasted 00:07:09 (3151 turns).

hilljack the Poker (Minotaur Gladiator)             Turns: 3151, Time: 00:07:10

Health: -2/60      AC:  3    Str: 18 (20) XL:     7   Next: 43%
Magic:  7/8        EV: 13    Int:  4 (5)  God:    Dithmenos [*.....]
Gold:   180        SH:  0    Dex: 12      Spells: 6/6 levels left

rFire    . . .     SeeInvis .   h - +0 halberd
rCold    . . .     Faith    .   (shield currently unavailable)
rNeg     . . .     Spirit   .   b - +0 leather armour
rPois    .         Reflect  .   c - +0 hat
rElec    .         Harm     .   (no cloak)
rCorr    .         Rampage  .   (no gloves)
Will     .....                  (no boots)
Stlth    ++........             (no amulet)
HPRegen  0.20/turn              (no ring)
MPRegen  0.11/turn              (no ring)

@: flying, wreathed by umbra
A: horns 2, retaliatory headbutt
a: Renounce Religion


You were on level 4 of the Dungeon.
You worshipped Dithmenos.
Dithmenos was aware of your devotion.
You visited 1 branch of the dungeon, and saw 4 of its levels.

You collected 180 gold pieces.

Inventory:

Hand Weapons
 h - a +0 halberd (weapon)
Missiles
 d - 3 throwing nets (quivered)
 g - 39 poisoned darts
 k - 55 arrows
 n - 23 bolts
Armour
 b - a +0 leather armour (worn)
 c - a +0 hat (worn)
Scrolls
 e - a scroll of fog
Potions
 f - 2 potions of attraction
 i - 2 potions of mutation
 p - a potion of cancellation


   Skills:
 + Level 4.6 Fighting
 + Level 5.2 Polearms
 - Level 2.0 Throwing
 + Level 3.7 Armour
 + Level 4.8 Dodging
 + Level 1.8 Stealth
 + Level 2.7 Invocations
 + Level 2.5 Evocations


You had 6 spell levels left.
You didn't know any spells.
Your spell library contained the following spells:

 Spells                   Type           Power      Damage    Failure   Level
 Summon Small Mammal      Summ           0%         N/A       56%         1
 Call Canine Familiar     Summ           0%         N/A       90%         3
 Gell's Gravitas          Tloc           0%         N/A       90%         3
 Summon Guardian Golem    Hex/Summ       0%         N/A       90%         3
 Teleport Other           Tloc           0%         N/A       90%         3
 Animate Dead             Necr           0%         N/A       100%        4
 Borgnjor's Vile Clutch   Necr/Erth      0%         N/A       100%        5
 Death Channel            Necr           0%         N/A       100%        6
 Dispersal                Tloc           0%         N/A       100%        6


Dungeon Overview and Level Annotations

Branches:
Dungeon (4/15)
 Temple: D:4-7

Altars:
Dithmenos

Shops:
D:2 (

Annotations:
D:4 Blork the orc


Innate Abilities, Weirdness & Mutations

You have a pair of horns on your head.
You reflexively headbutt those who attack you in melee.


Message History

Reach: h) +0 halberd
Press: ? - help, Dir - move target, f/p - kobold brigand
Aim: a kobold brigand, wielding a +0 whip and quivering poisoned darts (heavily wounded, umbra, about 55% to evade your +0 halberd)
You miss the kobold brigand.
The kobold brigand is heavily wounded.
The kobold brigand closely misses you.
The kobold hits the plant with a +1 short sword of draining.
The kobold brigand hits you with a +0 whip.
* * * LOW HITPOINT WARNING * * *
Reach: h) +0 halberd
Press: ? - help, Dir - move target, f/p - kobold brigand
Aim: a kobold brigand, wielding a +0 whip and quivering poisoned darts (heavily wounded, umbra, about 55% to evade your +0 halberd)
You slash the kobold brigand!
You kill the kobold brigand!
Dithmenos accepts your kill.
You hear a shout!
A nearby plant withers and dies.
The kobold misses you.
Reach: h) +0 halberd
Press: ? - help, Dir - move target, f - kobold
Aim: a kobold, wielding a +0 whip (umbra, about 55% to evade your +0 halberd)
You slash the kobold!
You kill the kobold!
Dithmenos accepts your kill.
Reach: h) +0 halberd
Press: ? - help, Dir - move target, f - kobold
Aim: a kobold, wielding a +0 whip (umbra, about 55% to evade your +0 halberd)
You closely miss the kobold. The kobold barely misses you.
You furiously retaliate!
You headbutt the kobold.
Reach: h) +0 halberd
Press: ? - help, Dir - move target, f/p - kobold
Aim: a kobold, wielding a +0 whip (moderately wounded, umbra, about 55% to evade your +0 halberd)
You hit the kobold.
You kill the kobold!
Dithmenos accepts your kill.
Reach: h) +0 halberd
Press: ? - help, Dir - move target, f - kobold
Aim: a kobold, wielding a +0 short sword (umbra, about 55% to evade your +0 halberd)
You barely miss the kobold.
The kobold hits you with a +0 short sword.
You die...

.. .)# ♣.♣. ♣..P
#P..♣## ....##
♣...## ♣.@♣.# ♣♣
###♣♣KK#♣.♣#
####.♣KKKK..♣P♣♣
.......KK.♣...P
#♣♣...K........P
.P..............
.......)........
........†§§†....
♣......††§§†....


You could see 6 kobolds.

Vanquished Creatures
  2 yaks (D:4)
  A kobold brigand (D:4)
  A jelly (D:3)
  2 hounds
  An orc priest (D:3)
  An orc wizard (D:3)
  Natasha (D:2)
  An iguana (D:3)
  4 gnolls
  4 adders
  A worm (D:3)
  A dart slug (D:1)
  7 orcs
  9 ball pythons
  9 bats
  5 endoplasms
  2 giant cockroaches (D:2)
  5 goblins
  6 hobgoblins
  6 jackals
  12 kobolds
  3 quokkas
  5 frilled lizards
  10 rats
99 creatures vanquished.

Vanquished Creatures (others)
  21 plants (D:4)
  4 toadstools (D:1)
25 creatures vanquished.

Grand Total: 124 creatures vanquished

Notes
Turn   | Place    | Note
-------+----------+-------------------------------------------
     0 | D:1      | hilljack the Minotaur Gladiator began the quest for the
                  | Orb.
     0 | D:1      | Reached XP level 1. HP: 18/18 MP: 0/0
   106 | D:1      | Reached XP level 2. HP: 22/25 MP: 1/1
   150 | D:1      | Reached skill level 1 in Armour
   405 | D:1      | Found a faded altar of an unknown god.
   499 | D:1      | Reached skill level 4 in Polearms
   499 | D:1      | Reached XP level 3. HP: 29/30 MP: 2/2
   663 | D:2      | Found a shadowy altar of Dithmenos.
   896 | D:2      | Became a worshipper of Dithmenos the Shadowed
  1080 | D:2      | Reached skill level 1 in Evocations
  1248 | D:2      | Noticed Natasha
  1249 | D:2      | Found Miuhul's Weapon Shoppe.
  1251 | D:2      | Reached XP level 4. HP: 38/38 MP: 3/3
  1257 | D:2      | Killed Natasha
  1258 | D:2      | Reached skill level 1 in Invocations
  1647 | D:3      | Reached * piety under Dithmenos
  1663 | D:3      | Reached XP level 5. HP: 29/45 MP: 3/5
  2183 | D:3      | HP: 2/69 [iguana (12)]
  2186 | D:3      | Reached XP level 6. HP: 2/52 MP: 6/6
  3076 | D:4      | Reached skill level 1 in Stealth
  3090 | D:4      | Noticed a yak
  3090 | D:4      | Noticed a yak
  3093 | D:4      | Noticed Blork the orc
  3095 | D:4      | Noticed a yak
  3097 | D:4      | Killed a yak
  3108 | D:4      | Reached skill level 5 in Polearms
  3114 | D:4      | Killed a yak
  3115 | D:4      | Reached XP level 7. HP: 28/60 MP: 7/7
  3144 | D:4      | HP: 3/60 [kobold brigand (3)]
  3146 | D:4      | HP: 1/60 [kobold brigand (3)]
  3151 | D:4      | Slain by a kobold

Illustrated notes

Levels and vault maps discovered:
D:1:      ldierk_walled_garden_2, layout_basic, basic_ecumenical_altar
D:2:      minmay_general_purpose_star, layout_basic, basic_altar, serial_shops,
          shop, kennysheep_generic_room_3, uniq_natasha
D:3:      layout_rooms
D:4:      kennysheep_kobold_camp, layout_rooms, uniq_blork_the_orc, uniq_ijyb

Skill      XL: |  1  2  3  4  5  6 |
---------------+-------------------+-----
Armour         | 1 2 3 |  3.7
Polearms       | 4 5 |  5.2
Fighting       | 3 4 |  4.6
Evocations     | 1 2 |  2.5
Invocations    | 1 2 |  2.7
Dodging        | 4 |  4.8
Stealth        | 1 |  1.8
Throwing       | |  2.0

Action                   |  1- 3 |  4- 6 |  7- 9 || total
-------------------------+-------+-------+-------++-------
Melee: Trident           |    72 |    86 |       ||   158
       Headbutt          |    12 |    24 |     2 ||    38
       Morningstar       |    10 |       |       ||    10
       Halberd           |       |    24 |    19 ||    43
  Use: Scroll            |     3 |     3 |     1 ||     7
       Potion            |       |     4 |     1 ||     5
 Stab: Sleeping          |     1 |       |       ||     1
Armor: Leather armour    |    14 |    25 |     1 ||    40
Dodge: Dodged            |    40 |    93 |    19 ||   152
